 Dungeon Crawl Stone Soup version 0.29-a0-284-gf9362112df (webtiles) character file.

Game seed: 9786269783976794906

356 croobank the Digger (level 6, -2/32 HPs)
             Began as a Gargoyle Earth Elementalist on Mar 20, 2022.
             Slain by a gnoll
             ... wielding a +6 flail
              (8 damage)
             ... on level 4 of the Dungeon.
             The game lasted 00:18:46 (4490 turns).

croobank the Digger (Gargoyle Earth Elementalist)   Turns: 4490, Time: 00:18:47

Health: -2/32      AC:  9    Str: 12    XL:     6   Next: 63%
Magic:  1/10       EV: 12    Int: 17    God:
Gold:   166        SH:  0    Dex: 10    Spells: 2/11 levels left

rFire   + . .      SeeInvis +   a - staff of cold
rCold   + + +      Faith    .   (no shield)
rNeg    + . .      Spirit   .   n - +0 leather armour {rC+}
rPois   ∞          Reflect  .   j - +1 helmet
rElec   +          Harm     .   q - scarf {rC+ rF+}
rCorr   .          Rampage  .   (no gloves)
Will    .....                   (no boots)
Stlth   +.........              (no amulet)
HPRegen 0.10/turn               l - ring of see invisible
MPRegen 0.12/turn               (no ring)

@: mighty, lit by a corona, glowing
A: sickness immunity, AC +4, negative energy resistance 1, electricity
resistance, torment resistance 1, petrification resistance
a: no special abilities


You were on level 4 of the Dungeon.
You visited 1 branch of the dungeon, and saw 4 of its levels.

You collected 166 gold pieces.

Inventory:

Hand Weapons
 e - a +1 spear of venom
 k - a +0 rapier of freezing
 o - a +1 mace of holy wrath
 s - a +0 morningstar
Missiles
 i - a stone
Armour
 b - a +0 robe
 j - a +1 helmet (worn)
 n - a +0 leather armour of cold resistance (worn)
 q - a scarf of resistance (worn)
Magical Staves
 a - a staff of cold (weapon)
Jewellery
 l - a ring of see invisible (left hand)
Scrolls
 m - 3 scrolls of silence
 r - a scroll of torment
Potions
 c - a potion of magic
 g - 2 potions of mutation
 h - a potion of degeneration {unknown}
 t - a potion of haste {unknown}


   Skills:
 + Level 2.8 Dodging
 + Level 4.0 Stealth
 + Level 3.2 Spellcasting
 + Level 2.3 Transmutations
 + Level 5.1 Earth Magic


You had 2 spell levels left.
You knew the following spells:

 Your Spells              Type           Power      Damage    Failure   Level
a - Sandblast             Erth           40%        2d10      2%          1
b - Passwall              Tmut/Erth      12%        N/A       7%          2
c - Stone Arrow           Conj/Erth      22%        3d8       22%         3
d - Swiftness             Air            2%         N/A       54%         3

Your spell library contained the following spells:

 Spells                   Type           Power      Damage    Failure   Level
 Shock                    Conj/Air       8%         1d3       22%         1
 Petrify                  Tmut/Erth      15%        N/A       43%         4
 Airstrike                Air            1%         N/A       91%         4


Dungeon Overview and Level Annotations

Branches:
Dungeon (4/15)
 Temple: D:4-7

Altars:

Annotations:
D:3 2 runed translucent doors, sammy202020's ghost, weakling PaFi


Innate Abilities, Weirdness & Mutations

You are immune to sickness and miasma.
Your stone body is resilient. (AC +4)
You are immune to poison.
You resist negative energy. (rN+)
You are resistant to electric shocks. (rElec)
You are resistant to unholy torment.
You are immune to petrification.


Message History

You barely miss the gnoll.
The gnoll is severely wounded.
The gnoll completely misses you.
The gnoll shaman calls upon its god to heal the gnoll.
The gnoll is healed somewhat.
The gnoll hits you with a +6 flail!
You closely miss the gnoll.
The gnoll is moderately wounded.
The gnoll closely misses you. The gnoll barely misses you.
You barely miss the gnoll.
The gnoll is moderately wounded.
The gnoll hits you with a +6 flail.
* * * LOW HITPOINT WARNING * * *
The gnoll shaman hits you with a +0 club.
* * * LOW HITPOINT WARNING * * *
The gnoll hits you with a +6 flail.
* * * LOW HITPOINT WARNING * * *
You feel much better.
The gnoll shaman hits you with a +0 club!
The gnoll barely misses you.
You feel very mighty all of a sudden. The gnoll hits you with a +6 flail.
The gnoll shaman hits you but does no damage.
The gnoll hits you but does no damage.
You closely miss the gnoll.
The gnoll is moderately wounded.
The gnoll shaman hits you with a +0 club.
* * * LOW HITPOINT WARNING * * *
The gnoll barely misses you.
The gnoll shaman hits you with a +0 club.
* * * LOW HITPOINT WARNING * * *
Okay, then.
Okay, then.
Okay, then.
Okay, then.
Sorry, you're not good enough to have a special ability.
Really read the scroll of torment?
As you read the scroll of torment, it crumbles to dust.
You feel a surge of unholy energy.
The gnoll shaman convulses!
The gnoll convulses!
The gnoll hits you with a +6 flail!
You die...

###.#.......#....# #.# ##
........#........# #..# ##.
..#......##...#.####
#.#####.. .#####....##..#.#
. ##..#..†.# .#
##.......### .####......###
.# ##.......###
#..###...### ..
##........###.###...## ..#
#.............##.....## ..#
#.........@g)........#.#
...
#..........g..........#.#
....
.......................##
....
.......................####
...........................
..............).###.....
.>...........)### #..###
............... #...# .....
....##


You could see a gnoll shaman and a gnoll (fast).

Vanquished Creatures
  A scorpion (D:4)
  2 orc priests
  2 orc wizards
  6 adders
  5 gnolls
  An ufetubus (D:4)
  A worm (D:2)
  A dart slug (D:2)
  9 orcs
  3 ball pythons (D:3)
  5 endoplasms
  6 giant cockroaches
  4 hobgoblins
  2 jackals (D:1)
  3 quokkas
  2 bats
  3 frilled lizards
  6 goblins
  5 kobolds
  7 rats
74 creatures vanquished.

Notes
Turn   | Place    | Note
-------+----------+-------------------------------------------
     0 | D:1      | croobank the Gargoyle Earth Elementalist began the quest
                  | for the Orb.
     0 | D:1      | Reached XP level 1. HP: 10/10 MP: 3/3
    26 | D:1      | Reached skill level 1 in Transmutations
    26 | D:1      | Reached XP level 2. HP: 8/15 MP: 0/5
    29 | D:1      | Learned a level 2 spell: Passwall
   957 | D:1      | Reached XP level 3. HP: 9/19 MP: 1/6
  1200 | D:1      | Learned a level 3 spell: Stone Arrow
  1516 | D:2      | Reached skill level 4 in Earth Magic
  2175 | D:2      | Reached XP level 4. HP: 24/24 MP: 4/7
  2287 | D:2      | Found a faded altar of an unknown god.
  2920 | D:3      | Noticed a scorpion
  2943 | D:4      | Killed a scorpion
  2944 | D:4      | Reached XP level 5. HP: 19/28 MP: 0/9
  3202 | D:3      | Learned a level 3 spell: Swiftness
  3234 | D:3      | Found a large runed translucent door.
  3236 | D:3      | Found a large runed translucent door.
  3370 | D:3      | Noticed sammy202020's ghost (weakling PaFi)
  3978 | D:3      | Reached XP level 6. HP: 32/32 MP: 7/10
  4117 | D:4      | Reached skill level 5 in Earth Magic
  4490 | D:4      | Slain by a gnoll

Illustrated notes

Levels and vault maps discovered:
D:1:      minmay_arrival_jagged, layout_loops_corners, hangedman_decor_opposing
D:2:      layout_loops_cross, hellmonk_ecumenical_altar_leap_of_faith
D:3:      layout_loops_cross, ebering_ghost_disaster_area
D:4:      layout_layer_cave, minmay_temple_entry_trees

Skill      XL: |  1  2  3  4  5  6 |
---------------+-------------------+-----
Transmutations | 1 2 |  2.3
Earth Magic    | 4 5 |  5.1
Dodging        | 2 |  2.8
Stealth        | 3 4 |  4.0
Spellcasting   | 3 |  3.2

Action                   |  1- 3 |  4- 6 || total
-------------------------+-------+-------++-------
Melee: Staff             |    72 |   103 ||   175
       Spear             |    20 |       ||    20
 Cast: Sandblast         |    29 |    58 ||    87
       Stone Arrow       |     1 |     6 ||     7
  Use: Scroll            |       |    11 ||    11
       Potion            |       |     3 ||     3
 Stab: Sleeping          |     3 |       ||     3
Armor: Robe              |    42 |    29 ||    71
       Leather armour    |       |    34 ||    34
Dodge: Dodged            |    65 |   141 ||   206

Table legend: (Time is in decaauts)
 A = Elapsed time spent in this place.
 B = Non-inter-level travel time spent in this place.
 C = Inter-level travel time spent in this place.
 D = Time resting spent in this place.
 E = Time spent auto-exploring this place.
 F = Levels seen in this place.
 G = Mean time per level.
                   A        B        C        D        E       F      G
               +--------+--------+--------+--------+--------+-----+--------+
         Total |   4526 |   4468 |     58 |    825 |   2792 |   4 | 1131.5 |
       Dungeon |   4526 |   4468 |     58 |    825 |   2792 |   4 | 1131.5 |
               +--------+--------+--------+--------+--------+-----+--------+

Top non-repeatable levels by time:
     D:1: 1506 daAuts
     D:2: 1172 daAuts
     D:3: 1153 daAuts
     D:4: 694 daAuts
